Map: King's Cove LE

Players

Throwfordays - Winner!

  • Race: Protoss Protoss
  • League: Bronze
  • Spawn Location: 5:00

younger

  • Race: Protoss Protoss
  • League: Bronze
  • Spawn Location: 11:00

VOD

Have the link to the VOD?

Description

Time

  • Played on: Jan. 22, 2019, 8:25 p.m.
  • Length: 9:32
Show
View Real Time Build Order
Export as new Build Order

Throwfordays Protoss - Winner!

Build Orders:  

Get SALT Encoding   

  12  0:01  Probe  
  13  0:13  Probe  
  14  0:18  Pylon  
  14  0:25  Probe  
  15  0:37  Probe  
  15  0:41  Gateway  
  16  0:49  Probe  
  17  1:01  Probe  
  17  1:02  Assimilator  
  18  1:13  Probe  
  20  1:25  Probe  
  20  1:28  Cybernetics Core  
  20  1:34  Gateway  
  20  1:37  Probe  
  21  1:44  Warp Gate  
  21  1:46  Gateway  
  21  1:51  Pylon  
  21  2:08  Pylon  
  21  2:10  Stalker  
  23  2:24  Gateway  
  23  2:25  Gateway  
  23  2:43  Nexus  
  23  2:50  Assimilator  
  23  2:52  Probe  
  24  3:04  Probe  
  25  3:09  Pylon  
  25  3:16  Probe  
  26  3:29  Probe  
  27  3:34  Stalker  
  27  3:40  Stalker  
  31  3:41  Probe  
  32  3:48  Stalker  
  32  3:52  Probe  
  32  3:55  Pylon  
  35  3:57  Probe  
  35  4:01  Probe  
  36  4:05  Probe  
  36  4:09  Probe  
  38  4:13  Probe  
  39  4:20  Probe  
  41  4:26  Probe  
  42  4:32  Probe  
  42  4:33  Stalker  
  42  4:38  Probe  
  46  4:40  Stalker  
  46  4:44  Probe  
  49  4:50  Stalker x2, Probe  
  54  4:56  Probe  
  55  5:00  Pylon  
  55  5:08  Probe  
  56  5:19  Stalker  
  56  5:20  Stalker x3  
  64  5:28  Pylon  
  64  5:42  Pylon  
  60  5:52  Stalker x2  
  60  5:53  Stalker x2  
  50  6:16  Stalker x4  
  49  6:21  Gateway  
  49  6:23  Gateway  
  49  6:24  Gateway  
  49  6:40  Stalker x4  
  49  6:45  Pylon  
  57  6:53  Forge  
  57  6:57  Forge  
  53  7:15  Stalker x4  
  55  7:32  Stalker x3  
  59  7:54  Zealot x4  
  67  8:17  Stalker  
  67  8:18  Stalker x4  
  67  8:19  Zealot x2  
  81  9:10  Pylon  
Show
View Real Time Build Order
Export as new Build Order

younger Protoss 

Build Orders:  

Get SALT Encoding   

  12  0:16  Pylon  
  12  0:23  Probe  
  13  0:36  Probe  
  13  0:38  Gateway  
  14  0:48  Assimilator  
  14  0:58  Probe  
  15  1:10  Probe  
  16  1:15  Pylon  
  16  1:28  Zealot  
  18  1:36  Cybernetics Core  
  18  1:55  Zealot  
  18  1:59  Assimilator  
  20  2:20  Stargate  
  20  2:28  Pylon  
  20  2:29  Stalker  
  22  2:36  Pylon  
  22  2:47  Probe  
  23  2:59  Stalker, Probe  
  26  3:19  Void Ray  
  30  3:32  Pylon  
  30  4:02  Void Ray  
  30  4:06  Stalker  
  36  4:36  Stalker  
  38  4:45  Void Ray  
  38  4:50  Pylon  
  42  5:06  Stalker  
  44  5:10  Pylon  
  44  5:29  Void Ray  
  30  6:28  Void Ray  
  30  6:30  Stalker  
  36  6:40  Stargate  
  36  7:00  Stalker  
  28  7:30  Stalker  
Tags
 
Matchup
PvP
Replay Pack
Multiplayer
Spawn Locations
Cross Positions
Add a new tag
Caveats
  • Supply blocks, unpowered buildings, or Contaminate may cause inaccurate times.
  • Supply counts are checked every 10 seconds.